 Dungeon Crawl Stone Soup version 0.18-a0-1211-g828307d (webtiles) character file.

389 Gagarin the Magician (level 6, -2/38 HPs)
             Began as a High Elf Wizard on Feb 2, 2016.
             Killed from afar by an orc wizard (13 damage)
             ... with a puff of frost
             ... on level 6 of the Dungeon.
             The game lasted 00:23:49 (4241 turns).

Gagarin the Magician (High Elf Wizard)              Turns: 4241, Time: 00:23:51

Health: -2/38      AC:  2    Str:  7    XL:     6   Next: 49%
Magic:  14/16      EV: 13    Int: 23    God:
Gold:   101        SH:  0    Dex: 14    Spells: 5 memorised, 6 levels left

rFire  . . .     SeeInvis +     j - +0 short sword
rCold  . . .     Gourm    .     m - +0 robe
rNeg   . . .     Faith    +     (no shield)
rPois  .         Spirit   .     b - +0 hat
rElec  .         Dismiss  .     (no cloak)
rCorr  .         Reflect  .     (no gloves)
SustAt .         Harm     .     (no boots)
MR     .....                    p - amulet of faith
Stlth  ++........               (no ring)
                                r - ring of see invisible

@: not resistant to hostile enchantments, unstealthy
A: no striking features
a: no special abilities


You were on level 6 of the Dungeon.
You were not hungry.

You visited 1 branch of the dungeon, and saw 4 of its levels.

You collected 101 gold pieces.

Inventory:

Hand Weapons
 g - a +0 dagger
 j - a +0 short sword (weapon)
Armour
 a - a +0 robe
 b - a +0 hat (worn)
 m - a +0 robe (worn)
Jewellery
 p - an amulet of faith (around neck)
 r - a ring of see invisible (left hand)
Wands
 l - a wand of teleportation (4/9)
Scrolls
 e - 2 scrolls of fear {unknown}
 f - 2 scrolls of remove curse
 h - 2 scrolls of teleportation
 k - a scroll of identify {unknown}
 q - 2 scrolls of random uselessness {unknown}
Potions
 i - a potion of agility {unknown}
 o - 2 potions of flight {unknown}
Books
 c - a book of Minor Magic

   Spells                             Type                      Level
   a - Magic Dart                     Conjuration                  1
   b - Blink                          Translocation                2
   c - Call Imp                       Summoning                    2
   d - Repel Missiles                 Charms/Air                   2
   e - Slow                           Hexes                        2
   f - Conjure Flame                  Conjuration/Fire             3
   g - Mephitic Cloud                 Conjuration/Poison/Air       3
Comestibles
 d - 3 bread rations
 n - 8 chunks of flesh
 s - a meat ration


   Skills:
 + Level 1.2 Fighting
 + Level 3.0 Dodging
 + Level 3.0 Stealth
 + Level 6.1 Spellcasting
 + Level 4.2 Conjurations
   Level 0.8 Summonings
 + Level 1.1 Translocations
 + Level 0.1 Poison Magic


You had 6 spell levels left.
You knew the following spells:

 Your Spells              Type           Power        Failure   Level  Hunger
a - Magic Dart            Conj           ####         1%          1    None
b - Blink                 Tloc           N/A          10%         2    None
c - Repel Missiles        Chrm/Air       #.....       14%         2    None
d - Conjure Flame         Conj/Fire      ###.....     12%         3    #......
e - Mephitic Cloud        Conj/Pois/Air  ##......     14%         3    #......


Dungeon Overview and Level Annotations

Branches:
Dungeon (3/15)

Altars:


Message History

The orc priest shouts!
The orc wizard shouts!
An orc wizard and an ogre come into view.
The orc wizard gestures at you while chanting.
The puff of flame hits you!
The orc wizard gestures wildly while chanting.
The orc wizard seems to speed up.
There is an open door here.
The orc wizard gestures at you while chanting.
The magic dart hits you!
An orc comes into view. It is wielding a mace.
The orc warrior shouts!
The orc shouts!
You hear a shout!
The orc warrior hits you with a battleaxe!
* * * LOW HITPOINT WARNING * * *
Casting: Magic Dart
Confirm with . or Enter, or press ? or * to list all spells.
You blink.
The orc wizard shouts!
The orc wizard casts a spell at you. The puff of frost hits you!
You die...

...÷.######.....#..###.....###...
.............####..#####'#####...
.............#.....'.............
.............#.)...#>............
.............#.....#.............
.............#'######............
.......#######.....##..o.........
.......# #........o..........
.......# #..@......o.........
.......# #...o.##.......##'##
.......+ #..§..##+#######....
.......# #......# #.... .###+###
##'###### #.... .#
#######o......# #.... .#
#.....o.......# #.... .#
#.......o.....# #.... .#
#.............# #....


You could see an orc warrior, 2 orc priests, 3 orc wizards and an orc.

Vanquished Creatures
  An ogre (D:6)
  A hound (D:6)
  11 gnolls
  2 river rats (D:3)
  8 adders
  5 worms
  3 giant geckos
  An orc (D:6)
  A ball python (D:3)
  10 bats
  4 giant cockroaches
  3 goblins
  5 hobgoblins
  6 jackals
  2 quokkas
  2 giant newts
  3 kobolds
  11 rats
79 creatures vanquished.

Notes
Turn   | Place    | Note
--------------------------------------------------------------
     0 | D:1      | Gagarin the High Elf Wizard began the quest for the Orb.
     0 | D:1      | Reached XP level 1. HP: 11/11 MP: 6/6
   180 | D:1      | Reached skill level 4 in Spellcasting
   316 | D:1      | Reached XP level 2. HP: 17/17 MP: 1/8
   709 | D:2      | Learned a level 2 spell: Blink
   712 | D:2      | Learned a level 2 spell: Repel Missiles
  1228 | D:2      | Reached XP level 3. HP: 21/21 MP: 0/10
  1533 | D:2      | Learned a level 3 spell: Conjure Flame
  1778 | D:2      | Reached XP level 4. HP: 27/27 MP: 7/11
  1808 | D:2      | Reached skill level 5 in Spellcasting
  2289 | D:2      | Learned a level 3 spell: Mephitic Cloud
  2759 | D:2      | Reached XP level 5. HP: 16/32 MP: 4/13
  3664 | D:3      | Reached skill level 1 in Fighting
  3889 | D:3      | You fall through a shaft for 3 floors!
  3948 | D:6      | Reached XP level 6. HP: 38/38 MP: 9/15
  4082 | D:6      | Noticed an orc warrior
  4121 | D:6      | Reached skill level 6 in Spellcasting
  4241 | D:6      | Killed from afar by an orc wizard

Vault maps used:
D:1:      minmay_arrival_nine_rooms, minmay_misc_feat_four_crosses
D:3:      lemuel_castle_with_subvaults, gup_sewer_entry_spiral, first_bread

Action                   |  1- 3 |  4- 6 || total
-------------------------+-------+-------++-------
Melee: Dagger            |     1 |       ||     1
       Short sword       |     3 |    15 ||    18
 Cast: Magic Dart        |    99 |   187 ||   286
       Conjure Flame     |     1 |     6 ||     7
       Mephitic Cloud    |       |     2 ||     2
       Blink             |       |     1 ||     1
  Use: Scroll            |     1 |     1 ||     2
  Eat: Chunk             |     2 |     8 ||    10
